 Dungeon Crawl Stone Soup version 0.30-a0-989-g0d87f670db (webtiles) character file.

Game seed: 1161916521238730616

74 porpoise the Cudgeller (level 4, -4/31 HPs)
             Began as a Gargoyle Chaos Knight on Apr 2, 2023.
             Slain by an orange demon (6 damage)
             ... summoned by Xom
             ... on level 2 of the Dungeon.
             The game lasted 00:06:33 (1547 turns).

porpoise the Cudgeller (Gargoyle Chaos Knight)      Turns: 1547, Time: 00:06:33

Health: -4/31      AC:  8    Str: 18    XL:     4   Next: 30%
Magic:  4/4        EV: 11    Int: 12    God:
Gold:   68         SH:  0    Dex:  9    Spells: 3/3 levels left

rFire   . . .      SeeInvis .    a - +0 mace (chaos)
rCold   . . .      Faith    .    (no shield)
rNeg    + . .      Spirit   .    b - +2 leather armour
rPois   ∞          Reflect  .    (no helmet)
rElec   +          Rampage  .    (no cloak)
rCorr   .                        (no gloves)
Will    .....                    (no boots)
Stlth   +                        (no amulet)
HPRegen 0.25/turn                (no ring)
MPRegen 0.09/turn                (no ring)

@: about to teleport
A: sickness immunity, AC +3, negative energy resistance 1, electricity
resistance, torment resistance 1, petrification resistance, robust 1, subdued
magic 1
a: no special abilities


You were on level 2 of the Dungeon.
You visited 1 branch of the dungeon, and saw 2 of its levels.

You collected 68 gold pieces.

Inventory:

Hand Weapons
 a - a +0 mace of chaos (weapon)
Missiles
 h - 6 poisoned darts
 i - 6 javelins
 p - 6 boomerangs
Armour
 b - a +2 leather armour (worn)
Scrolls
 d - 3 scrolls of teleportation
 l - a scroll of brand weapon {unknown}
Potions
 e - a potion of curing
 f - a potion of ambrosia {unknown}
 g - a potion of flight {unknown}
 j - a potion of might {unknown}
 k - a potion of berserk rage {unknown}
 m - a potion of mutation {unknown}
 n - a potion of degeneration {unknown}
 o - a potion of heal wounds {unknown}
Miscellaneous
 c - a piece from Xom's chessboard (15/15) (quivered)


   Skills:
 + Level 4.0 Fighting
 * Level 4.3 Maces & Flails
 - Level 2.3 Armour
 - Level 1.0 Dodging


You had 3 spell levels left.
You didn't know any spells.
Your spell library was empty.

Dungeon Overview and Level Annotations

Branches:
Dungeon (2/15)

Altars:
Xom

Shops:
D:1 *


Innate Abilities, Weirdness & Mutations

You are immune to sickness and miasma.
Your stone body is resilient. (AC +3)
You are immune to poison.
You resist negative energy. (rN+)
You are resistant to electric shocks. (rElec)
You are resistant to unholy torment.
You are immune to petrification.
You are robust. (+10% HP)
Your spells are a little easier to cast, but a little less powerful.


Message History

You see here a hobgoblin corpse.
You hit the worm.
Space warps around the worm.
The worm is heavily wounded.
You hit the worm. You freeze the worm.
You kill the worm!
Found a stone.
Found a stone staircase leading up.
Found a spear.
Found a leather armour.
You now have 62 gold pieces (gained 8).
Found a shimmering altar of Xom.
A rat comes into view.
A rat is nearby!
Found 6 gold pieces.
You barely miss the rat.
The rat bites you but does no damage. x2
You sock the rat!
You kill the rat!
Your life force feels restored.
You see here a rat corpse.
You now have 68 gold pieces (gained 6).
A goblin comes into view. It is wielding a +0 dagger.
The goblin shouts!
You closely miss the goblin. The goblin hits you but does no damage.
You closely miss the goblin. The goblin barely misses you.
You hit the goblin.
You kill the goblin!
You see here a +0 dagger. "Let's see if it's strong enough to survive yet."
As you read the scroll labelled QAM ZILAESEXU, it crumbles to dust.
You feel strangely unstable.
It was a scroll of teleportation.
You hit the orange demon but do no damage.
The ufetubus completely misses you. The ufetubus barely misses you.
The ufetubus hits you. x2
The ufetubus hits you but does no damage.
The ufetubus hits you. The sun demon hits you!
You are engulfed in flames!
* * * LOW HITPOINT WARNING * * *
The orange demon stings you.
* * * LOW HITPOINT WARNING * * *
The orange demon hits you.
You die...

###.#..#_#..#..#
###...#..###..#..##
.....#.......#...#
#...#.......#.... #
#...####'####.### #.
#.............###
##..####55#.............
......4534..............
#...55@5...............
#....355##.............
##########.............
#.............
#.............
#..÷..........
#.............
#.............
#.............


You could see 2 sun demons, an orange demon (summoned), a chaos spawn
(summoned), an iron imp (summoned), 2 crimson imps, a white imp (summoned) and 4
ufetubi.

Vanquished Creatures
  2 adders (D:2)
  2 worms (D:2)
  A dart slug (D:1)
  6 ball pythons
  3 endoplasms
  3 giant cockroaches
  4 goblins
  6 hobgoblins
  3 jackals (D:1)
  A quokka (D:2)
  4 bats
  2 frilled lizards (D:2)
  3 kobolds
  3 rats
43 creatures vanquished.

Vanquished Creatures (others)
  A giant cockroach zombie (D:2)
  5 plants (D:1)
  4 toadstools (D:1)
10 creatures vanquished.

Grand Total: 53 creatures vanquished

Notes
Turn   | Place    | Note
-------+----------+-------------------------------------------
     0 | D:1      | porpoise the Gargoyle Chaos Knight began the quest for the
                  | Orb.
     0 | D:1      | Reached XP level 1. HP: 14/14 MP: 1/1
     0 | D:1      | Fell from the grace of Xom
    51 | D:1      | Reached skill level 1 in Dodging
    67 | D:1      | Reached XP level 2. HP: 19/19 MP: 2/2
   156 | D:1      | Found Mellyap's Assorted Antiques.
   283 | D:1      | Reached XP level 3. HP: 24/24 MP: 3/3
   324 | D:1      | XOM: draining
   482 | D:1      | XOM: give mutation
   482 | D:1      | Gained mutation: Your spells are a little easier to cast,
                  | but a little less powerful. [Xom's mischief]
   697 | D:1      | XOM: divination: magic mapping
   851 | D:1      | XOM: give mutation
   851 | D:1      | Gained mutation: You are robust. (+10% HP) [Xom's mischief]
  1178 | D:2      | XOM: summons 2 hostile shadow creatures
  1253 | D:2      | Found a faded altar of an unknown god.
  1291 | D:2      | Reached XP level 4. HP: 29/30 MP: 4/4
  1411 | D:2      | Found a shimmering altar of Xom.
  1545 | D:2      | XOM: summons 12 hostile demons
  1546 | D:2      | Noticed a sun demon
  1546 | D:2      | Noticed an orange demon
  1546 | D:2      | Noticed a sun demon
  1546 | D:2      | Noticed a chaos spawn
  1547 | D:2      | Slain by an orange demon

Illustrated notes

Levels and vault maps discovered:
D:1:      ldierk_walled_garden_2, layout_rooms, serial_shops, shop,
          serial_forest, infiniplex_forest_straight_1, infiniplex_forest_end_1,
          infiniplex_forest_clump_small, infiniplex_forest_straight_2,
          infiniplex_forest_lined_3_way, infiniplex_forest_lined_4_way,
          infiniplex_forest_end_2, chequers_big_river
D:2:      layout_basic, hellmonk_ecumenical_altar_inner_sanctum, basic_altar,
          small_statue_intersection

Skill      XL: |  1  2  3 |
---------------+----------+-----
Dodging        | 1 |  1.0
Maces & Flails | 4 |  4.3
Fighting       | 4 |  4.0
Armour         | |  2.3

Action                     |  1- 3 |  4- 6 || total
---------------------------+-------+-------++-------
  Melee: Mace              |   124 |    18 ||   142
         Punch             |     1 |       ||     1
 Invoke: Renounce Religion |     1 |       ||     1
    Use: Scroll            |     2 |     1 ||     3
 Armour: Leather armour    |    70 |     7 ||    77
  Dodge: Dodged            |    68 |     9 ||    77

Table legend: (Time is in decaauts)
 A = Elapsed time spent in this place.
 B = Non-inter-level travel time spent in this place.
 C = Inter-level travel time spent in this place.
 D = Time resting spent in this place.
 E = Time spent auto-exploring this place.
 F = Levels seen in this place.
 G = Mean time per level.
                   A        B        C        D        E       F      G
               +--------+--------+--------+--------+--------+-----+--------+
         Total |   1585 |   1534 |     51 |    145 |    922 |   2 |  792.5 |
       Dungeon |   1585 |   1534 |     51 |    145 |    922 |   2 |  792.5 |
               +--------+--------+--------+--------+--------+-----+--------+

Top non-repeatable levels by time:
     D:1: 942 daAuts
     D:2: 642 daAuts
